 Dungeon Crawl Stone Soup version 0.29.1-15-g9cfb28693d (webtiles) character file.

Game seed: 160212547511341130

85115 GimliDwarf the Stormcaller (level 15, -16/77 HPs)
             Began as a Tengu Conjurer on Dec 15, 2023.
             Was the Champion of Qazlal.
             Killed from afar by Nikola (50 damage)
             ... with an arc of chain lightning
             ... on level 2 of the Lair of Beasts.
             The game lasted 01:49:47 (26267 turns).

GimliDwarf the Stormcaller (Tengu Conjurer)        Turns: 26267, Time: 01:49:48

Health: -16/77     AC: 17    Str: 17    XL:     15   Next: 82%
Magic:  26/42      EV: 12    Int: 22    God:    Qazlal [******]
Gold:   1594       SH:  8    Dex: 12    Spells: 20/41 levels left

rFire   + . .      SeeInvis .   c - staff of conjuration
rCold   + . .      Faith    .   (no shield)
rNeg    + . .      Spirit   .   u - +5 scale mail of Zuinkox {Rampage Will+ Str+5 Int+2}
rPois   +          Reflect  .   h - +2 hat
rElec   +          Harm     .   r - scarf {rC+ rF+}
rCorr   .          Rampage  +   Q - +1 pair of gloves "Tyc Waowk" {MP+9}
Will    +++..      Clarity  +   (boots unavailable)
Stlth   ..........              k - amulet "Cuitueza" {RegenMP rN+}
HPRegen 0.22/turn               o - ring of willpower
MPRegen 0.68/turn               W - ring of poison resistance

@: about to teleport, protected from electricity, flying quickly and evasively,
repel missiles, quick
A: beak, talons 3, nimble flight, clarity, clumsy 1
a: Renounce Religion, Upheaval, Elemental Force, Disaster Area


You were on level 2 of the Lair of Beasts.
You worshipped Qazlal.
Qazlal was exalted by your worship.
You visited 5 branches of the dungeon, and saw 22 of its levels.

You collected 3015 gold pieces.
You spent 1421 gold pieces at shops.

Inventory:

Hand Weapons
 l - the +5 flail of Nairch {drain, Str+5}
   (You took it off Eustachio on level 5 of the Dungeon)

   A truly terrible weapon, it drains the life of any living foe it strikes.
   Str:       It affects your strength (+5).
 t - a +6 quarterstaff of venom
 J - a +3 quarterstaff of speed
 R - a +2 spectral quarterstaff
Missiles
 e - 41 poisoned darts
 x - a throwing net
 F - 6 curare-tipped darts
Armour
 h - a +2 hat (worn)
 r - a scarf of resistance (worn)
 u - the +5 scale mail of Zuinkox (worn) {Rampage Will+ Str+5 Int+2}
   (You found it on level 12 of the Dungeon)

   Str:       It affects your strength (+5).
   Int:       It affects your intelligence (+2).
   Rampage:   It bestows one free step when moving towards enemies.
   Will:      It increases your willpower.
 v - a +3 leather armour of fire resistance
 I - a +2 troll leather armour
 Q - the +1 pair of gloves "Tyc Waowk" (worn) {MP+9}
   (You found it on level 2 of the Lair of Beasts)

   MP:        It affects your magic capacity (+9).
Magical Staves
 c - a staff of conjuration (weapon)
 z - a staff of cold
 B - a staff of poison
 V - a staff of air
Jewellery
 k - the amulet "Cuitueza" (around neck) {RegenMP rN+}
   (You took it off an orc warrior on level 1 of the Orcish Mines)

   [amulet of magic regeneration]

   It increases your rate of magic regeneration.
   rN:        It protects you from negative energy.
 o - a ring of willpower (left hand)
 y - a ring of ice
 A - a ring of resist corrosion
 N - an amulet of reflection
 U - a +4 ring of protection
 W - a ring of poison resistance (right hand)
Wands
 b - a wand of quicksilver (6)
 j - a wand of mindburst (7)
 n - a wand of iceblast (3)
 w - a wand of flame (55)
 H - a wand of paralysis (11)
Scrolls
 a - 3 scrolls of poison
 s - 8 scrolls of teleportation
 D - a scroll of brand weapon
 G - a scroll of fear
 M - 4 scrolls of identify
 O - a scroll of silence
 P - 5 scrolls of blinking
 T - 2 scrolls of amnesia
Potions
 d - 10 potions of curing
 g - 6 potions of brilliance
 i - a potion of resistance
 m - 5 potions of haste
 q - 2 potions of might
 E - 2 potions of cancellation
 K - a potion of heal wounds
 L - 2 potions of ambrosia


   Skills:
 - Level 2.8 Fighting
 + Level 8.7 Staves
 - Level 0.5 Throwing
 - Level 7.4 Armour
 - Level 2.2 Dodging
 - Level 2.0 Stealth
 - Level 0.2 Shields
 - Level 13.5 Spellcasting
 - Level 15.3 Conjurations
 + Level 1.0 Hexes
 * Level 5.1 Necromancy
 - Level 0.8 Translocations
 - Level 16.4 Air Magic
 - Level 0.4 Poison Magic
 - Level 6.5 Invocations
 - Level 9.6 Evocations


You had 20 spell levels left.
You knew the following spells:

 Your Spells              Type           Power      Damage    Failure   Level
a - Corpse Rot            Necr/Pois/Air  47%        N/A       6%          4
c - Airstrike             Air            36%        2d(6-22)  1%          4
d - Fulminant Prism       Conj/Hex       33%        3d16      4%          4
e - Iskenderun's Mystic   Conj/Tloc      66%        2d14      4%          4
f - Lightning Bolt        Conj/Air       45%        1d65      1%          5

Your spell library contained the following spells:

 Spells                   Type           Power      Damage    Failure   Level
 Magic Dart               Conj           100%       1d8       1%          1
 Necrotise                Necr           100%       1d9       1%          1
 Searing Ray              Conj           100%       2d8       1%          2
 Dazzling Flash           Conj/Hex       100%       N/A       1%          3
 Sublimation of Blood     Necr           37%        N/A       2%          2
 Summon Lightning Spire   Summ/Air       50%        N/A       4%          4
 Freeze                   Ice            56%        1d7       12%         1
 Dispel Undead            Necr           37%        3d15      14%         4
 Irradiate                Conj/Tmut      32%        3d22      14%         5
 Ensorcelled Hibernation  Hex/Ice        34%        N/A       16%         2
 Wereblood                Tmut           14%        N/A       19%         2
 Confusing Touch          Hex            19%        N/A       24%         3
 Portal Projectile        Hex/Tloc       38%        N/A       24%         3
 Spider Form              Tmut/Pois      15%        N/A       32%         3
 Anguish                  Hex/Necr       14%        N/A       34%         4
 Call Canine Familiar     Summ           14%        N/A       36%         3
 Leda's Liquefaction      Hex/Erth       8%         N/A       69%         4
 Death Channel            Necr           18%        N/A       92%         6
 Yara's Violent Unravell  Hex/Tmut       8%         3d5       95%         5
 Blade Hands              Tmut           7%         N/A       98%         5
 Dragon Form              Tmut           7%         N/A       100%        7
 Enfeeble                 Hex            9%         N/A       100%        7
 Summon Hydra             Summ           7%         N/A       100%        7


Dungeon Overview and Level Annotations

Branches:
Dungeon (13/15)            Temple (1/1) D:4            Lair (5/5) D:9
 Shoals (0/4) Lair:3        Snake (1/4) Lair:2        Slime (0/5) Lair:5
    Orc (2/2) D:9             Elf (0/3) Orc:2
 Vaults: D:13-14

Altars:
Ashenzari
Cheibriados
Dithmenos
Elyvilon
Fedhas
Gozag
Hepliaklqana
Kikubaaqudgha
Makhleb
Nemelex Xobeh
Okawaru
Qazlal
Ru
Sif Muna
Trog
Uskayaw
Vehumet
Wu Jian
Xom
Yredelemnul
Zin
The Shining One
Jiyva

Shops:
D:5 *   D:6 *   D:12 ?   Orc:2 **?(

Annotations:
Lair:2 Nikola


Innate Abilities, Weirdness & Mutations

You have a beak for a mouth.
You have claws for feet.
Your magical nature lets you fly swiftly and evasively.
You possess an exceptional clarity of mind.
You are clumsy. (Dex -2)


Message History

Nikola hits you with a +1 rapier of electrocution.
You feel protected from electricity.
You are electrocuted!
You fly upwards.
Welcome back to the Lair of Beasts!
There is a staircase to the Snake Pit here.
Casting: Airstrike (safe; 1% risk of failure)
Confirm with . or Enter, or press ? or * to list all spells.
You feel a surge of power!
You erupt in a blast of force!
The mystic blast hits Nikola!
Nikola is lightly wounded.
Nikola is knocked back by the mystic blast.
Nikola slams into the rock wall!
Nikola is lightly wounded.
Nikola is engulfed in freezing vapours.
Nikola raves, "Can you feel it? Can you feel it?
CAN YOU FEEL IT?"
Casting: Iskenderun's Mystic Blast (dangerous; 4% risk of failure)
Confirm with . or Enter, or press ? or * to list all spells.
You feel a surge of power!
You erupt in a blast of force!
The mystic blast hits Nikola!
Nikola is moderately wounded.
Nikola is knocked back by the mystic blast.
Nikola slams into the rock wall!
Nikola is moderately wounded.
Okay, then.
Okay, then.
Unknown command.
Press: ? - help, v - describe, . - travel
Here: Nikola, wielding a +1 rapier of electrocution, wearing a +0 cloak of poison resistance and wearing a +0 pair of gloves (freezing vapour, moderately wounded)
The floor.
Press: ? - help, v - describe, . - travel
Here: Nikola, wielding a +1 rapier of electrocution, wearing a +0 cloak of poison resistance and wearing a +0 pair of gloves (freezing vapour, moderately wounded)
The floor.
As you read the scroll of teleportation, it crumbles to dust.
You feel strangely unstable.
Nikola is engulfed in freezing vapours.
Nikola gestures wildly while chanting.
Lightning arcs from Nikola's hands!
The bolt of lightning hits you!!! You resist.
You feel more protected from electricity.
Ouch! That really hurt!
You die...

#..# #...### ###..........#
##.# ##..## #.....#......#
##.# #..[####..##.........
#..# #....##...###..P.....
##.# ##....#...###......##
#.##### ##..#.##.###.#.##....
#.[...###.@..#....#.P...##..#
##........§§.○☼#.......####..
#.##..##...°@§....##..#.#####
#########.......##.#####.####
##...○°#.### ##...##.
##..##....# #.......
#...###..### #....###
##....###.P.# ###...##.
#P..####...## #.....### #...#
#..#.# ##...##.. ##..##
#...## #.......#


You could see Nikola.

Vanquished Creatures
  Gastronok (D:8)
  Donald (Orc:2)
  2 orc warlords (Orc:1)
  Snorg (Lair:4)
  The ghost of Psyclone the Thaumaturge, a journeyman DECj (Orc:1)
  Erolcha (D:9)
  5 catoblepae
  2 hydras
  2 ogre magi (Orc:2)
  A boulder beetle (D:11)
  Erica (D:10)
  12 two-headed ogres
  A naga sharpshooter (Snake:1)
  10 death yaks (Lair:5)
  Sonja (Orc:2)
  Nergalle (D:11)
  2 deep trolls (Orc:2)
  2 fire crabs
  5 orc knights
  2 orc sorcerers
  2 mana vipers (Snake:1)
  5 oklob plants
  3 manticores
  5 cyclopes
  A merfolk siren (Lair:3)
  15 elephants
  A salamander (Snake:1)
  10 black mambas
  Maggie (Lair:1)
  7 komodo dragons
  Psyche (D:9)
  10 cane toads
  A rime drake (Lair:5)
  14 trolls
  2 burning bushes (Lair:3)
  5 slime creatures (D:12)
  4 hornets
  A tarantella (shapeshifter) (D:11)
  17 blink frogs
  Grinder (D:3)
  Prince Ribbit (D:9)
  A shadow (D:11)
  12 spriggans (Lair:4)
  A wyvern (D:9)
  Eustachio (D:5)
  2 basilisks
  4 vampire mosquitoes (D:12)
  54 yaks
  7 wargs
  Edmund (D:4)
  A naga (Snake:1)
  21 water moccasins
  Duvessa (D:6)
  A sky beast (D:6)
  26 orc warriors
  5 black bears
  31 ogres
  3 centaurs
  3 boggarts (Lair:4)
  A phantom (D:4)
  2 kobold brigands
  10 bullfrogs
  A gnoll sergeant (D:7)
  2 scorpions
  4 necrophages
  5 wights
  Dowan (D:6)
  5 killer bees (D:10)
  3 howler monkeys
  2 electric eels
  16 orc priests
  3 hounds
  Crazy Yiuf (D:3)
  2 gnoll boudas
  15 jellies
  18 orc wizards
  Jessica (D:2)
  3 iguanas
  17 gnolls
  7 adders
  5 shadow imps
  A white imp (D:8)
  2 worms (D:2)
  4 dart slugs
  70 orcs
  5 bats
  11 endoplasms
  4 giant cockroaches
  7 goblins
  3 hobgoblins
  5 quokkas
  5 ball pythons
  3 frilled lizards
  17 kobolds
  7 rats
  A bush (D:3)
  A butterfly (Lair:4)
606 creatures vanquished.

Vanquished Creatures (collateral kills)
  An orc warrior (Orc:2)
  An ogre (Orc:2)
2 creatures vanquished.

Vanquished Creatures (others)
  A bush (Lair:5)
  18 fulminant prisms
  36 fungi
  181 plants
236 creatures vanquished.

Grand Total: 844 creatures vanquished

Notes
Turn   | Place    | Note
-------+----------+-------------------------------------------
     0 | D:1      | GimliDwarf the Tengu Conjurer began the quest for the Orb.
     0 | D:1      | Reached XP level 1. HP: 10/10 MP: 4/4
    29 | D:1      | Found a faded altar of an unknown god.
   167 | D:1      | Reached XP level 2. HP: 15/15 MP: 1/6
   180 | D:1      | Learned a level 2 spell: Searing Ray
   369 | D:1      | Got Plato's Parchment of Congelation
   724 | D:1      | Reached XP level 3. HP: 19/19 MP: 5/7
  1116 | D:2      | Noticed Jessica
  1118 | D:2      | Killed Jessica
  1119 | D:2      | Reached XP level 4. HP: 24/24 MP: 4/8
  1182 | D:2      | Got Jessica's Folio of Unholy Magic
  1238 | D:2      | Learned a level 3 spell: Dazzling Flash
  1302 | D:2      | Found a hazy altar of Hepliaklqana.
  1342 | D:2      | Reached skill level 1 in Staves
  1940 | D:3      | Noticed Grinder
  1941 | D:3      | Paralysed by Grinder for 3 turns
  1949 | D:3      | Killed Grinder
  1950 | D:3      | Reached skill level 1 in Armour
  1950 | D:3      | Reached skill level 1 in Evocations
  1950 | D:3      | Gained mutation: Your magical nature lets you fly swiftly
                  | and evasively. [Tengu growth]
  1950 | D:3      | Reached XP level 5. HP: 14/28 MP: 1/11
  1950 | D:3      | Reached XP level 6. HP: 16/32 MP: 1/12
  2222 | D:3      | Found a snail-covered altar of Cheibriados.
  2481 | D:3      | Found a sparkling altar of Nemelex Xobeh.
  2483 | D:3      | Found a stormy altar of Qazlal.
  2490 | D:3      | Became a worshipper of Qazlal Stormbringer
  2907 | D:3      | Found a glowing golden altar of the Shining One.
  3064 | D:3      | Found a runed translucent door.
  3132 | D:3      | Noticed Crazy Yiuf
  3145 | D:3      | Killed Crazy Yiuf
  3555 | D:4      | Noticed Edmund
  3593 | D:4      | Learned a level 3 spell: Dazzling Flash
  3625 | D:4      | Identified the +5 dagger of Dithmenos's Grace {drain,
                  | Dex+2}
  3842 | D:4      | Killed Edmund
  3843 | D:4      | Reached XP level 7. HP: 36/36 MP: 8/14
  3949 | D:4      | Found a staircase to the Ecumenical Temple.
  3961 | Temple   | Entered the Ecumenical Temple
  4794 | D:5      | Entered Level 5 of the Dungeon
  4943 | D:5      | Reached skill level 5 in Spellcasting
  4943 | D:5      | Reached XP level 8. HP: 41/41 MP: 9/16
  5007 | D:5      | Found a transporter.
  5069 | D:5      | Found a transporter.
  5596 | D:5      | Reached * piety under Qazlal
  5737 | D:5      | Learned a level 4 spell: Fulminant Prism
  5742 | D:5      | Learned a level 4 spell: Iskenderun's Mystic Blast
  5761 | D:5      | Found Melec's Fire Supplies.
  5769 | D:5      | Bought a +3 leather armour of fire resistance for 312 gold
                  | pieces
  5816 | D:5      | Found a glowing silver altar of Zin.
  5816 | D:5      | Noticed an angel
  6261 | D:6      | Reached skill level 10 in Conjurations
  6421 | D:6      | Identified the +5 flail of Nairch {drain, Str+5}
  6421 | D:6      | Noticed Eustachio
  6435 | D:5      | Killed Eustachio
  6436 | D:5      | Reached XP level 9. HP: 32/45 MP: 6/19
  6540 | D:6      | Found Quizyu's CLEARANCE SALE!.
  6754 | D:6      | Noticed Duvessa
  6754 | D:6      | Noticed Dowan
  6768 | D:6      | Killed Dowan
  6770 | D:6      | Killed Duvessa
  7200 | D:6      | Reached ** piety under Qazlal
  7665 | D:7      | Found a white marble altar of Elyvilon.
  7844 | D:7      | Found an ancient bone altar of Kikubaaqudgha.
  8118 | D:7      | Gained mutation: You are somewhat resistant to further
                  | mutation. [potion of mutation]
  8118 | D:7      | Gained mutation: You have a pair of small horns on your
                  | head. [potion of mutation]
  8202 | D:7      | Reached XP level 10. HP: 21/50 MP: 19/22
  8703 | D:7      | Reached skill level 2 in Air Magic
  8745 | D:7      | Lost mutation: You have a pair of small horns on your head.
                  | [potion of mutation]
  8745 | D:7      | Lost mutation: You are somewhat resistant to further
                  | mutation. [potion of mutation]
  8745 | D:7      | Gained mutation: You are clumsy. (Dex -2) [potion of
                  | mutation]
  8745 | D:7      | Gained mutation: You are robust. (+10% HP) [potion of
                  | mutation]
  8746 | D:7      | Lost mutation: You are robust. (+10% HP) [potion of
                  | mutation]
  8746 | D:7      | Lost mutation: You are clumsy. (Dex -2) [potion of
                  | mutation]
  8746 | D:7      | Gained mutation: You are clumsy. (Dex -2) [potion of
                  | mutation]
  8746 | D:7      | Gained mutation: You possess an exceptional clarity of
                  | mind. [potion of mutation]
  8756 | D:8      | Noticed Gastronok
  9128 | D:8      | Killed Gastronok
  9129 | D:8      | Reached skill level 3 in Air Magic
  9322 | D:8      | Reached skill level 5 in Armour
  9515 | D:8      | Found a radiant altar of Vehumet.
  9549 | D:8      | Found an ornate altar of the Wu Jian Council.
  9850 | D:9      | Noticed Psyche
  9856 | D:9      | Killed Psyche
 10033 | D:9      | Noticed a two-headed ogre
 10042 | D:9      | Noticed Erolcha
 10043 | D:9      | Killed a two-headed ogre
 10043 | D:9      | Reached *** piety under Qazlal
 10473 | D:9      | Noticed Prince Ribbit
 10478 | D:9      | Killed Prince Ribbit
 10549 | D:9      | Found a basalt altar of Yredelemnul.
 10598 | D:9      | Reached XP level 11. HP: 36/55 MP: 15/25
 10719 | D:9      | Found a staircase to the Orcish Mines.
 10880 | D:9      | Killed Erolcha
 10881 | D:9      | Reached skill level 4 in Air Magic
 11129 | D:9      | Found a staircase to the Lair.
 11254 | D:9      | Noticed a two-headed ogre
 11260 | D:9      | Killed a two-headed ogre
 11618 | D:10     | Entered Level 10 of the Dungeon
 11683 | D:10     | Learned a level 4 spell: Airstrike
 11689 | D:10     | Learned a level 5 spell: Lightning Bolt
 11714 | D:10     | Noticed Erica
 11718 | D:10     | Killed Erica
 11719 | D:10     | Reached skill level 5 in Evocations
 11725 | D:10     | Reached **** piety under Qazlal
 11776 | D:10     | Reached skill level 5 in Air Magic
 12115 | D:10     | Noticed a two-headed ogre
 12120 | D:10     | Killed a two-headed ogre
 12121 | D:10     | Reached skill level 10 in Spellcasting
 12862 | D:11     | Noticed a boulder beetle
 12875 | D:11     | Killed a boulder beetle
 12876 | D:11     | Reached skill level 6 in Air Magic
 13140 | D:11     | Noticed Nergalle
 13144 | D:11     | Killed Nergalle
 13145 | D:11     | Reached skill level 1 in Invocations
 13284 | D:11     | Reached skill level 7 in Air Magic
 13284 | D:11     | Reached XP level 12. HP: 60/60 MP: 19/27
 13784 | D:12     | Noticed a two-headed ogre
 13789 | D:12     | Killed a two-headed ogre
 13828 | D:12     | Reached skill level 1 in Fighting
 13839 | D:12     | Reached skill level 8 in Air Magic
 13905 | D:12     | Found Ryak's Magic Scroll Boutique.
 13913 | D:12     | Bought a scroll of identify for 28 gold pieces
 13913 | D:12     | Bought a scroll of blinking for 105 gold pieces
 13913 | D:12     | Bought a scroll of identify for 28 gold pieces
 13913 | D:12     | Bought a scroll of identify for 28 gold pieces
 13913 | D:12     | Bought a scroll of identify for 28 gold pieces
 13941 | D:12     | Reached skill level 5 in Staves
 14133 | D:12     | Reached skill level 9 in Air Magic
 14322 | D:12     | Identified the +5 scale mail of Zuinkox {Rampage Will+
                  | Str+5 Int+2}
 14598 | D:13     | Noticed a centaur warrior
 14598 | D:13     | Noticed a tengu warrior
 14663 | Lair:1   | Entered Level 1 of the Lair of Beasts
 14666 | Lair:1   | Noticed Maggie
 14670 | Lair:1   | Killed Maggie
 15462 | Lair:1   | Reached skill level 10 in Air Magic
 15621 | Lair:2   | Reached ***** piety under Qazlal
 15682 | Lair:2   | Reached skill level 11 in Air Magic
 15691 | Lair:2   | Reached XP level 13. HP: 22/64 MP: 10/29
 15912 | Lair:2   | Reached skill level 1 in Hexes
 15991 | Lair:2   | Found a staircase to the Snake Pit.
 16032 | Lair:2   | Identified the +1 pair of gloves "Tyc Waowk" {MP+9}
 16079 | Lair:2   | Identified the +0 helmet of Fanaticism {Str+8 Int-3 Dex+8
                  | Stlth-}
 17054 | Lair:3   | You are sucked into a shaft and drop 2 floors!
 17054 | Lair:5   | Entered Level 5 of the Lair of Beasts
 17063 | Lair:5   | Reached skill level 12 in Air Magic
 17208 | Lair:5   | Learned a level 4 spell: Corpse Rot
 17721 | Lair:5   | Reached skill level 13 in Air Magic
 18202 | Lair:5   | Reached XP level 14. HP: 70/70 MP: 29/31
 18377 | Lair:5   | Found a staircase to the Slime Pits.
 18378 | Lair:5   | Found a viscous altar of Jiyva.
 18404 | Lair:5   | Reached ****** piety under Qazlal
 18424 | Lair:5   | Reached skill level 5 in Invocations
 18429 | Lair:5   | Reached skill level 14 in Air Magic
 19271 | Lair:5   | Found a blossoming altar of Fedhas.
 20072 | Lair:4   | Noticed Snorg
 20237 | Lair:5   | Reached skill level 15 in Conjurations
 20927 | Lair:4   | Identified the +1 pair of boots "Zoimaloq" {rPois rCorr
                  | Str+2}
 21033 | Lair:4   | Killed Snorg
 21034 | Lair:4   | Reached skill level 15 in Air Magic
 22467 | Lair:3   | Found a staircase to the Shoals.
 22967 | Orc:1    | Entered Level 1 of the Orcish Mines
 22989 | Orc:1    | Reached XP level 15. HP: 46/74 MP: 10/33
 23173 | Orc:1    | Noticed an orc warlord
 23177 | Orc:1    | Found a runed translucent gate.
 23178 | Orc:1    | Found a runed translucent gate.
 23185 | Orc:1    | Found a runed translucent gate.
 23186 | Orc:1    | Noticed Psyclone's ghost (journeyman DECj)
 23188 | Orc:1    | Identified the amulet "Cuitueza" {RegenMP rN+}
 23424 | Orc:2    | Entered Level 2 of the Orcish Mines
 23437 | Orc:2    | Noticed Sonja
 23437 | Orc:2    | Noticed Donald
 23664 | Orc:2    | Killed Donald
 23698 | Orc:2    | Killed Sonja
 23805 | Orc:2    | Found a staircase to the Elven Halls.
 23877 | Orc:2    | Reached skill level 16 in Air Magic
 24634 | Orc:2    | Found Deugeo's Weapon Shop.
 24656 | Orc:2    | Found Reeq's Magic Scroll Shoppe.
 24660 | Orc:2    | Found Giefrar's Assorted Antiques.
 24660 | Orc:2    | Found Raqalywa's Assorted Antiques.
 24926 | Orc:2    | Bought a scroll of enchant armour for 112 gold pieces
 24929 | Orc:2    | Bought a scroll of acquirement for 780 gold pieces
 24929 | Orc:2    | Acquired 761 gold pieces
 24944 | Orc:1    | Noticed an orc warlord
 24954 | Orc:1    | Killed an orc warlord
 25626 | Orc:1    | Killed an orc warlord
 25627 | Orc:1    | Reached skill level 1 in Necromancy
 25631 | Orc:1    | Killed Psyclone's ghost
 26077 | Snake:1  | Entered Level 1 of the Snake Pit
 26140 | Snake:1  | Noticed Nikola
 26260 | Snake:1  | Reached skill level 5 in Necromancy
 26267 | Lair:2   | Killed from afar by Nikola

Illustrated notes

Levels and vault maps discovered:
D:1:      lightli_arrival_statuegarden, layout_rooms,
          shapermc_ecumenical_altar_rom_forum, nicolae_figureground_pulse
D:2:      layout_rooms, basic_altar, kennysheep_jessica_study
D:3:      layout_loops_ring, lemuel_round_altar, marbit_many_paths,
          mainiacjoe_overflow_divided_tiny, skrybe_limestone_x, uniq_grinder,
          uniq_crazy_yiuf_cottage
D:4:      layout_rooms, minmay_temple_entry_nine_rooms, uniq_edmund
D:5:      gammafunk_wand_slinger, layout_cave_pools, zin_angel,
          nicolae_shop_fire_sale [nicolae_sub_dead_trees], serial_bayou_ford_a
D:6:      minmay_bubble_buster, layout_gridville, serial_glass, glass_columns_b,
          glass_columns_a, nicolae_shop_clearance, uniq_eustachio, uniq_duvessa
D:7:      layout_basic, kiku_gazebo_garden_becter, elyvilon_altar_5
D:8:      layout_loops_ring, nicolae_wu_jian_wuxing_cycle,
          general_overflow_altar, uniq_gastronok
D:9:      layout_basic, mainiacjoe_overflow_cross_hatched, david_lair_shrubbed,
          david_orc_2, uniq_prince_ribbit1, uniq_erolcha, uniq_psyche
D:10:     layout_stronghold, uniq_erica
D:11:     layout_irregular_city, uniq_nergalle
D:12:     layout_cave_pools, serial_shops, shop
D:13:     layout_big_octagon
Temple:   chequers_temple_sunken
Lair:1:   dpeg_oklob_gauntlet, layout_regular_city, uniq_maggie
Lair:2:   hellmonk_ruined_rings, layout_misc_corridors,
          minmay_snake_entry_six_corridors, infiniplex_staircase_pool
Lair:3:   layout_cave_pods, minmay_shoals_entry_lonely_mermaid,
          chequers_serial_rivers_marsh, small_statue_intersection,
          evilmike_ambush [evilmike_ambush_outer_basic,
          evilmike_ambush_inner_basic]
Lair:4:   kb_forest_paths, layout_cellular_growth, grunt_megastairs_5,
          lemuel_fruit_fields, uniq_snorg
Lair:5:   evilmike_catoblepas_cave, layout_gridlike,
          minmay_slime_entry_jelly_boxes, lookout_lair_type,
          chequers_serial_rivers_micro_e, serial_bayou_lagoon_a, tgw_fedhas
Snake:1:  layout_grid_maze, uniq_nikola
Orc:1:    layout_caves, biasface_ghost_orc_armoury
Orc:2:    st_orc_open, layout_diamond_mine, uniq_sonja, uniq_donald

Skill      XL: |  1  2  3  4  5  6  7  8  9 10 11 12 13 14 15 |
---------------+----------------------------------------------+-----
Conjurations   | 6 7 8 10 12 13 14 15 | 15.3
Staves         | 1 2 3 4 5 7 8 |  8.7
Armour         | 1 2 3 4 5 6 7 |  7.4
Spellcasting   | 3 4 5 6 7 9 10 11 12 13 | 13.5
Evocations     | 1 2 3 4 5 6 8 9 |  9.6
Air Magic      | 3 7 11 13 15 16 | 16.4
Invocations    | 1 3 4 5 6 |  6.5
Fighting       | 1 2 |  2.8
Hexes          | 1 |  1.0
Necromancy     | 5 |  5.1
Throwing       | |  0.5
Dodging        | |  2.2
Stealth        | |  2.0
Shields        | |  0.2
Translocations | |  0.8
Poison Magic   | |  0.4

Action                   |  1- 3 |  4- 6 |  7- 9 | 10-12 | 13-15 || total
-------------------------+-------+-------+-------+-------+-------++-------
Melee: Staff             |       |    52 |     2 |    46 |   223 ||   323
       Kick              |       |    31 |       |    11 |    81 ||   123
       Peck              |       |    27 |     1 |     9 |    47 ||    84
       Punch             |       |     2 |       |       |     2 ||     4
       Quarterstaff      |       |       |       |     3 |    11 ||    14
Throw: Dart              |       |     7 |       |     2 |     3 ||    12
       Throwing net      |       |     2 |       |       |       ||     2
 Cast: Magic Dart        |    47 |    58 |    60 |    57 |       ||   222
       Searing Ray       |     3 |    23 |    67 |    55 |       ||   148
       Iskenderun's Myst |       |       |     1 |    50 |   144 ||   195
       Dazzling Flash    |       |       |     1 |       |       ||     1
       Airstrike         |       |       |       |    64 |   272 ||   336
       Fulminant Prism   |       |       |       |    11 |     7 ||    18
       Lightning Bolt    |       |       |       |    10 |    52 ||    62
       Corpse Rot        |       |       |       |       |    15 ||    15
Invok: Upheaval          |       |       |       |       |     1 ||     1
       Elemental Force   |       |       |       |       |     1 ||     1
Evoke: Wand              |       |       |       |     7 |    17 ||    24
  Use: Scroll            |       |     8 |     5 |    16 |     9 ||    38
       Potion            |       |       |     1 |     2 |     5 ||     8
 Stab: Petrifying        |       |       |       |       |     1 ||     1
       Paralysed         |       |       |       |       |     1 ||     1
Armor: Robe              |       |     1 |     1 |       |       ||     2
       Leather armour    |       |       |    11 |    24 |    38 ||    73
       Scale mail        |       |       |       |       |    25 ||    25
Dodge: Dodged            |     1 |     9 |    73 |    85 |   146 ||   314
       Repelled          |       |       |       |     1 |     5 ||     6
Block: Other             |       |       |     4 |    24 |    90 ||   118
